 Dungeon Crawl Stone Soup version 0.28-a0-313-gbc0475efdd (webtiles) character file.

Game seed: 7857203256138806198

146 jdzakarian the Chopper (level 5, 0/47 HPs)
             Began as a Hill Orc Fighter on Aug 31, 2021.
             Was a High Priest of Ignis.
             Succumbed to a water moccasin's poison
             ... on level 4 of the Dungeon.
             The game lasted 00:14:06 (3199 turns).

jdzakarian the Chopper (Hill Orc Fighter)           Turns: 3199, Time: 00:14:07

Health: 0/47       AC: 10    Str: 19    XL:     5   Next: 28%
Magic:  5/5        EV:  7    Int:  8    God:    Ignis [*****.]
Gold:   134        SH:  8    Dex: 11    Spells: 4/4 levels left

rFire   + . .      SeeInvis .   l - +1 trident (vamp)
rCold   . . .      Faith    .   c - +0 kite shield
rNeg    . . .      Spirit   .   b - +0 scale mail
rPois   .          Reflect  .   (no helmet)
rElec   .          Harm     .   (no cloak)
rCorr   .          Rampage  .   k - +0 pair of gloves
Will    .....                   (no boots)
Stlth   ..........              (no amulet)
HPRegen 0.15/turn               (no ring)
MPRegen 0.09/turn               (no ring)

@: mighty, lethally poisoned (0 -> -17)
A: iridescent scales 1
a: Renounce Religion, Sea of Fire, Foxfire Swarm, Rising Flame


You were on level 4 of the Dungeon.
You worshipped Ignis.
Ignis was extremely pleased with you.
You visited 1 branch of the dungeon, and saw 4 of its levels.

You collected 134 gold pieces.

Inventory:

Hand Weapons
 a - a +1 war axe
 l - a +1 vampiric trident (weapon)
Armour
 b - a +0 scale mail (worn)
 c - a +0 kite shield (worn)
 k - a +0 pair of gloves (worn)
Scrolls
 e - a scroll of amnesia {unknown}
 f - a scroll of teleportation
 i - a scroll of magic mapping {unknown}
 m - a scroll of identify {unknown}
Potions
 g - a potion of invisibility
 h - a potion of magic
 j - a potion of flight


   Skills:
 + Level 4.3 Fighting
 + Level 4.5(4.6) Axes
 + Level 0.6(2.4) Polearms
 + Level 4.0 Armour
 + Level 0.7 Dodging
 + Level 4.1 Shields


You had 4 spell levels left.
You didn't know any spells.
Your spell library contained the following spells:

 Spells                   Type           Power      Damage    Failure   Level
 Slow                     Hex            0%         N/A       100%        2
 Sublimation of Blood     Necr           0%         N/A       100%        2
 Wereblood                Tmut           0%         N/A       100%        2
 Confusing Touch          Hex            0%         N/A       100%        3
 Vampiric Draining        Necr           0%         2d6       100%        3
 Summon Hydra             Summ           0%         N/A       100%        7


Dungeon Overview and Level Annotations

Branches:
Dungeon (4/15)
 Temple: D:4-7

Altars:
Hepliaklqana
Beogh
Ignis

Shops:
D:1 *


Innate Abilities, Weirdness & Mutations

You are partially covered in iridescent scales. (AC +2)


Message History

You miss the water moccasin.
You feel sick.
The water moccasin bites you but does no damage.
The water moccasin bites you.
You are too injured to fight recklessly!
You are too injured to fight recklessly!
You are too injured to fight recklessly!
You are too injured to fight recklessly!
You are too injured to fight recklessly!
You are too injured to fight recklessly!
You are too injured to fight recklessly!
You are too injured to fight recklessly!
You are too injured to fight recklessly!
You are too injured to fight recklessly!
You are too injured to fight recklessly!
You are too injured to fight recklessly!
You are too injured to fight recklessly!
You are too injured to fight recklessly!
You are too injured to fight recklessly!
You are too injured to fight recklessly!
You puncture the water moccasin!
You feel better.
The water moccasin is moderately wounded.
You feel sick. The water moccasin bites you.
You are more poisoned.
The water moccasin poisons you! The water moccasin bites you!
* * * LOW HITPOINT WARNING * * *
You hit the water moccasin.
You feel better.
The water moccasin is moderately wounded.
* * * LOW HITPOINT WARNING * * *
You feel very sick. The water moccasin bites you.
* * * LOW HITPOINT WARNING * * *
You are more poisoned.
The water moccasin poisons you! You block the water moccasin's attack.
You feel very mighty all of a sudden.
* * * LOW HITPOINT WARNING * * *
You feel very sick.
The water moccasin bites you but does no damage. x2
You puncture the water moccasin!
You feel better.
The water moccasin is severely wounded.
You die...

...#+ .
#############.... ..
.... ........###.) ....
#.....#.... ...
####.....#...# ####
#.###....#.##.....
.....##.#...####........
..........### ##)......
#=.....@..# #........
#..)...S..######.....<..
#.).....................
#............(..........
#.......................
##.....###..............
#..... #####..........
.....# #....#>....
........##.....


You could see a water moccasin.

Vanquished Creatures
  Jessica (D:3)
  Terence (D:3)
  3 adders (D:3)
  An adder zombie (D:3)
  A worm (D:3)
  2 dart slugs (D:1)
  5 orcs
  5 ball pythons
  8 endoplasms
  5 goblins
  6 hobgoblins
  3 jackals (D:1)
  A quokka (D:2)
  2 bats
  4 frilled lizards
  4 kobolds
  2 rats
54 creatures vanquished.

Vanquished Creatures (others)
  2 plants (D:3)
2 creatures vanquished.

Grand Total: 56 creatures vanquished

Notes
Turn   | Place    | Note
-------+----------+-------------------------------------------
     0 | D:1      | jdzakarian the Hill Orc Fighter began the quest for the
                  | Orb.
     0 | D:1      | Reached XP level 1. HP: 19/19 MP: 1/1
     0 | D:1      | Upgraded the game from 0.28-a0-312-gbced6e68ee to
                  | 0.28-a0-313-gbc0475efdd
    50 | D:1      | Found Cyjy's General Store.
   228 | D:1      | Reached XP level 2. HP: 27/27 MP: 2/2
  1176 | D:2      | Gained mutation: You are partially covered in iridescent
                  | scales. (AC +2) [potion of mutation]
  1291 | D:2      | Reached XP level 3. HP: 33/33 MP: 3/3
  1477 | D:2      | Found a roughly hewn altar of Beogh.
  1525 | D:2      | Found a faded altar of an unknown god.
  1528 | D:2      | Became a worshipper of Ignis, the Dying Flame
  2336 | D:3      | Reached XP level 4. HP: 22/40 MP: 4/4
  2504 | D:3      | Found a hazy altar of Hepliaklqana.
  2621 | D:3      | Noticed Jessica
  2631 | D:3      | Killed Jessica
  2797 | D:3      | Noticed Terence
  2801 | D:3      | Killed Terence
  2802 | D:3      | Reached XP level 5. HP: 45/47 MP: 5/5
  3183 | D:4      | Noticed a water moccasin
  3198 | D:4      | HP: 2/47 [poisoned by a water moccasin]
  3199 | D:4      | Succumbed to a water moccasin's poison

Illustrated notes

Levels and vault maps discovered:
D:1:      giann_horns, layout_loops_ring, serial_shops, shop,
          kennysheep_pointless_box
D:2:      layout_basic, hellmonk_ecumenical_altar_defaced_shrine
D:3:      layout_rooms, nicolae_hepliaklqana_hazy_memory, hex_large,
          roderic_lattice_a, uniq_jessica, uniq_terence
D:4:      layout_rooms, mainiacjoe_overflow_surrounded_room,
          lemuel_coloured_pillars_altar, kennysheep_slug_shrine,
          minmay_temple_entry_enclosed_plants

Skill      XL: |  1  2  3  4  5 |
---------------+----------------+-----
Axes           | 3 4 |  4.5
Fighting       | 4 |  4.3
Shields        | 4 |  4.1
Armour         | 4 |  4.0
Polearms       | |  0.6
Dodging        | |  0.7

Action                   |  1- 3 |  4- 6 || total
-------------------------+-------+-------++-------
Melee: War axe           |   104 |    23 ||   127
       Trident           |       |    41 ||    41
  Use: Potion            |     4 |     3 ||     7
       Scroll            |       |     3 ||     3
Armor: Scale mail        |    59 |    30 ||    89
Dodge: Dodged            |    33 |    15 ||    48
Block: Kite shield       |    61 |    29 ||    90

Table legend: (Time is in decaauts)
 A = Elapsed time spent in this place.
 B = Non-inter-level travel time spent in this place.
 C = Inter-level travel time spent in this place.
 D = Time resting spent in this place.
 E = Time spent auto-exploring this place.
 F = Levels seen in this place.
 G = Mean time per level.
                   A        B        C        D        E       F      G
               +--------+--------+--------+--------+--------+-----+--------+
         Total |   3293 |   3184 |    109 |    100 |   2208 |   4 |  823.2 |
       Dungeon |   3293 |   3184 |    109 |    100 |   2208 |   4 |  823.2 |
               +--------+--------+--------+--------+--------+-----+--------+

Top non-repeatable levels by time:
     D:1: 1196 daAuts
     D:3: 1072 daAuts
     D:2: 964 daAuts
     D:4: 60 daAuts
